Selects Canadian Shock Battlegroup
Construct Section Command Post
Construct Field Infirmary
Selects Canadian Shock Section
Construct Platoon Command Post
Selects Incendiary Munitions
Unlock M3 Stuart Light Tanks
Unlock Bishop Self-propelled Artillery
Bishop Self-propelled Artillery
Construct Company Command Post
Selects Churchill Crocodile Heavy Tank
Churchill Crocodile Heavy Tank
Unlock M3 Grant Medium Tanks